 Dungeon Crawl Stone Soup version 0.28-a0-1395-g4f6bc678fa (webtiles) character file.

Game seed: 14663479603174106764

2278 Deminshera the Skirmisher (level 9, -5/74 HPs)
             Began as a Demonspawn Cinder Acolyte on Jan 4, 2022.
             Was an Initiate of Hepliaklqana.
             Slain by a fire elemental (11 damage)
             ... created by the fiery vengeance of Ignis
             ... on level 6 of the Dungeon.
             The game lasted 00:09:45 (11711 turns).

Deminshera the Skirmisher (DsCA)                   Turns: 11711, Time: 00:09:46

Health: -5/74      AC:  7    Str: 19    XL:     9   Next: 16%
Magic:  10/10      EV: 10    Int: 20    God:    Hepliaklqana [......]
Gold:   291        SH:  9    Dex:  8    Spells: 10/10 levels left

rFire   . . .      SeeInvis .   r - +3 long sword (elec)
rCold   . . .      Faith    .   c - +0 buckler
rNeg    + . .      Spirit   .   y - +1 ring mail {Will+}
rPois   .          Reflect  +   j - +0 helmet
rElec   .          Harm     .   (no cloak)
rCorr   .          Rampage  .   (no gloves)
Will    +....                   (no boots)
Stlth   ..........              n - amulet of reflection
HPRegen 0.22/turn               e - ring of positive energy
MPRegen 0.12/turn               (no ring)

@: slowed, fire susceptible, very slow
A: hooves 1, powered by pain 1, big brain 2
a: Renounce Religion


You were on level 6 of the Dungeon.
You worshipped Hepliaklqana.
Hepliaklqana was noncommittal.
You visited 2 branches of the dungeon, and saw 7 of its levels.
You also visited: Ossuary.

You collected 291 gold pieces.

Inventory:

Hand Weapons
 b - a +2 dagger of electrocution
 r - a +3 long sword of electrocution (weapon)
Missiles
 o - a throwing net (quivered)
Armour
 c - a +0 buckler (worn)
 j - a +0 helmet (worn)
 y - a +1 ring mail of willpower (worn)
Jewellery
 e - a ring of positive energy (left hand)
 f - a +6 ring of intelligence
 n - an amulet of reflection (around neck)
Wands
 k - a wand of iceblast (10)
 w - a wand of polymorph (9)
 x - a wand of acid (24)
Scrolls
 a - 2 scrolls of teleportation
 h - a scroll of fog {unknown}
 s - a scroll of torment
 t - 2 scrolls of enchant weapon
Potions
 d - 2 potions of resistance
 g - 2 potions of flight {unknown}
 i - 4 potions of heal wounds
 l - 2 potions of lignification
 m - a potion of ambrosia {unknown}
 p - 2 potions of mutation {unknown}
 q - 3 potions of curing
 u - a potion of attraction {unknown}
 v - a potion of brilliance {unknown}


   Skills:
 + Level 7.9 Fighting
 - Level 5.0(5.4) Short Blades
 + Level 3.2(4.6) Long Blades
 - Level 1.0 Armour
 - Level 1.0 Dodging
 + Level 3.5 Shields
 - Level 2.8 Unarmed Combat
 - Level 1.0 Spellcasting
 - Level 2.6 Fire Magic
 - Level 5.0 Evocations


You had 10 spell levels left.
You didn't know any spells.
Your spell library contained the following spells:

 Spells                   Type           Power      Damage    Failure   Level
 Scorch                   Fire           22%        2d6       16%         2
 Sting                    Tmut/Pois      4%         1d3       32%         1
 Poisonous Vapours        Pois/Air       2%         N/A       43%         2
 Ozocubu's Armour         Ice            1%         N/A       67%         3
 Olgreb's Toxic Radiance  Pois           1%         N/A       97%         4
 Metabolic Englaciation   Hex/Ice        0%         N/A       100%        5
 Simulacrum               Ice/Necr       0%         N/A       100%        6


Dungeon Overview and Level Annotations

Branches:
Dungeon (6/15)             Temple (1/1) D:5         Ossuary (visited)

Altars:
Ashenzari
Cheibriados
Elyvilon
Fedhas
Hepliaklqana
Kikubaaqudgha
Makhleb
Nemelex Xobeh
Okawaru
Qazlal
Ru
Sif Muna
Trog
Uskayaw
Vehumet
Wu Jian
Xom
Zin
The Shining One

Shops:
D:2 :


Innate Abilities, Weirdness & Mutations

You have large cloven feet.
You sometimes gain a little power by taking damage.
You have an extremely huge brain. (Int +4)


Message History

Your base Long Blades skill increases to level 3!
You feel better.
The centaur shoots an arrow.
The arrow closely misses you.
The centaur unwields a +0 shortbow.
The centaur barely misses you.
The centaur kicks you but does no damage.
You see here a water moccasin corpse.
You hit the centaur. You kick the centaur.
The centaur is severely wounded.
The centaur misses you. The centaur barely misses you.
You block the centaur's attack. x2
You slash the centaur!
You kill the centaur!
Items here: ( )) [.
Items here: ( )) [.
You see here a water moccasin corpse.
You start resting. "With a thousand fires I burned cities, but these will suffice for you!"
The divine experience drains your vigour!
You feel yourself slow down. 2 fire elementals come into view.
You hit the fire elemental but do no damage.
Your kick misses the fire elemental. You slash the fire elemental!
The fire elemental is heavily damaged.
You block the fire elemental's attack. The fire elemental hits you.
The fire elemental burns you! The fire elemental closely misses you.
The fire elemental hits you. The fire elemental burns you!
You barely miss the fire elemental. Your kick misses the fire elemental.
The fire elemental is heavily damaged.
You block the fire elemental's attack. x2
The fire elemental barely misses you. x2
You barely miss the fire elemental.
The fire elemental is heavily damaged.
You block the fire elemental's attack. The fire elemental hits you.
The fire elemental burns you! The fire elemental hits you.
The fire elemental burns you!
* * * LOW HITPOINT WARNING * * *
The fire elemental hits you. The fire elemental burns you!
* * * LOW HITPOINT WARNING * * *
The fire elemental hits you. The fire elemental burns you!
You die...

##........####.....
#..............#.##
#..........#####.#
#..........# #.# #
#..........# #.# #.
##..........# ..#
#.###..........##
..#
###.....##E.....##
..#
........)@E.#####
...# #.#.###.#####
#.........#
#.#.#.#.#.#
.......# #.#.#.#.#
.....>...# #.#
#.#.# # ... .....


You could see 2 fire elementals.

Vanquished Creatures
  2 wraiths (Ossuary)
  Edmund (D:5)
  A water moccasin (D:6)
  An ice beast (D:5)
  A sky beast (D:5)
  A black bear (D:6)
  An ogre (D:5)
  2 centaurs (D:6)
  4 phantoms
  A scorpion (D:6)
  A water moccasin zombie (D:6)
  3 wights (Ossuary)
  A vampire bat (D:3)
  2 bullfrog zombies
  2 centaur zombies
  A jelly (D:4)
  2 hounds
  An orc priest (D:4)
  2 bullfrog skeletons (D:5)
  Ijyb (D:3)
  An iguana (D:5)
  3 orc wizards
  Natasha (D:3)
  A hound skeleton (D:4)
  4 gnolls (D:5)
  5 adders
  An ufetubus (D:4)
  4 worms
  2 dart slugs
  12 orcs
  6 ball pythons
  5 bats
  4 bat zombies (D:3)
  6 endoplasms
  2 giant cockroaches
  4 hobgoblins (D:1)
  7 quokkas
  A ball python skeleton (Ossuary)
  6 frilled lizards
  2 goblins (D:1)
  A hobgoblin skeleton (Ossuary)
  6 kobolds
  4 orc skeletons (Ossuary)
  2 orc zombies (Ossuary)
  4 rats
125 creatures vanquished.

Vanquished Creatures (others)
  An orc wizard (D:6)
1 creature vanquished.

Grand Total: 126 creatures vanquished

Notes
Turn   | Place    | Note
-------+----------+-------------------------------------------
     0 | D:1      | Deminshera the Demonspawn Cinder Acolyte began the quest
                  | for the Orb.
     0 | D:1      | Reached XP level 1. HP: 18/18 MP: 2/2
   794 | D:1      | Gained mutation: You have large cloven feet. [demonic
                  | ancestry]
   794 | D:1      | Reached XP level 2. HP: 19/24 MP: 3/3
  1232 | D:1      | Found a faded altar of an unknown god.
  2288 | D:2      | Reached XP level 3. HP: 28/29 MP: 4/4
  2306 | D:2      | Reached skill level 1 in Short Blades
  2306 | D:2      | Reached skill level 1 in Armour
  2306 | D:2      | Reached skill level 1 in Dodging
  3542 | D:2      | Found Secucaec's Book Boutique.
  3576 | D:2      | Gained mutation: You sometimes gain a little power by
                  | taking damage. [demonic ancestry]
  3576 | D:2      | Reached XP level 4. HP: 35/37 MP: 5/5
  3706 | D:3      | Noticed Ijyb
  3721 | D:3      | Killed Ijyb
  3722 | D:3      | Reached skill level 4 in Fighting
  4039 | D:3      | Found an ancient bone altar of Kikubaaqudgha.
  4052 | D:3      | Gained mutation: You have an unusually large brain. (Int
                  | +2) [demonic ancestry]
  4052 | D:3      | Reached XP level 5. HP: 40/42 MP: 6/6
  4196 | D:3      | Found a blossoming altar of Fedhas.
  4230 | D:3      | Reached skill level 1 in Evocations
  4680 | D:3      | Noticed Natasha
  5004 | D:3      | Killed Natasha
  5376 | D:4      | Reached XP level 6. HP: 40/49 MP: 7/7
  7338 | D:4      | Reached skill level 5 in Fighting
  8697 | D:5      | Entered Level 5 of the Dungeon
  8705 | D:5      | Noticed a sky beast
  8725 | D:5      | Killed a sky beast
  8904 | D:5      | Gained mutation: You have an extremely huge brain. (Int +4)
                  | [demonic ancestry]
  8904 | D:5      | Reached XP level 7. HP: 42/56 MP: 8/8
  9255 | D:5      | Found a sand-covered staircase.
  9263 | Ossuary  | Entered an ossuary
  9358 | Ossuary  | Noticed a wraith
  9358 | Ossuary  | Noticed a flying skull
  9365 | Ossuary  | Noticed a flying skull
  9395 | Ossuary  | Noticed a flying skull
  9477 | Ossuary  | Noticed a flying skull
  9543 | Ossuary  | Noticed a wraith
  9552 | Ossuary  | Killed a wraith
  9553 | Ossuary  | Reached skill level 6 in Fighting
  9553 | Ossuary  | Reached XP level 8. HP: 52/64 MP: 9/9
  9631 | Ossuary  | Reached skill level 5 in Short Blades
 10386 | D:5      | Reached skill level 5 in Evocations
 10388 | D:5      | Reached skill level 1 in Shields
 10594 | D:5      | Noticed Edmund
 10617 | D:5      | Killed Edmund
 10618 | D:5      | Reached skill level 7 in Fighting
 10618 | D:5      | Reached skill level 1 in Long Blades
 10829 | D:5      | Found a staircase to the Ecumenical Temple.
 10953 | Temple   | Entered the Ecumenical Temple
 11103 | Temple   | Fell from the grace of Ignis
 11103 | Temple   | Became a worshipper of Hepliaklqana the Forgotten
 11381 | D:6      | Reached XP level 9. HP: 69/73 MP: 10/10
 11416 | D:6      | Found a hide-covered altar of Uskayaw.
 11711 | D:6      | Slain by a fire elemental

Illustrated notes

Levels and vault maps discovered:
D:1:      dpeg_arrival_tiny_j, layout_basic,
          dreamdust_ecumenical_altar_sealed_demon
D:2:      layout_loops_corners, serial_shops, shop, solitary_fountain
D:3:      layout_basic, kennysheep_vampire_church, mainiacjoe_overflow_alcove_2,
          minmay_misc_feat_pillars, hangedman_decor_clover_reticule,
          glass_columns_a, kennysheep_generic_room_4, uniq_ijyb, uniq_natasha
D:4:      cheibrodos_pilgrimage, layout_layer_cave, hangedman_decor_riveting
D:5:      layout_cave_pods, minmay_temple_entry_nine_rooms,
          chequers_ossuary_entry_cave, uniq_edmund
D:6:      layout_rooms, nicolae_overflow_hidden_temple, st_stairs_2
Temple:   nicolae_temple_elliptical

Skill      XL: |  1  2  3  4  5  6  7  8  9 |
---------------+----------------------------+-----
Short Blades   | 1 2 3 4 5 |  5.0
Armour         | 1 |  1.0
Dodging        | 1 |  1.0
Fighting       | 4 5 6 7 |  7.9
Evocations     | 2 3 4 5 |  5.0
Shields        | 3 |  3.5
Long Blades    | 2 3 |  3.2
Unarmed Combat | |  2.8
Spellcasting   | |  1.0
Fire Magic     | |  2.6

Action                   |  1- 3 |  4- 6 |  7- 9 || total
-------------------------+-------+-------+-------++-------
Melee: Dagger            |   117 |   140 |       ||   257
       Unarmed           |     8 |       |       ||     8
       Kick              |    15 |    24 |    30 ||    69
       Long sword        |       |    39 |   166 ||   205
       Punch             |       |       |     2 ||     2
  Use: Scroll            |       |     5 |     5 ||    10
       Potion            |       |       |     2 ||     2
Armor: Robe              |    11 |       |       ||    11
       Leather armour    |     9 |    70 |    18 ||    97
       Ring mail         |       |       |    45 ||    45
Dodge: Dodged            |    70 |   119 |    82 ||   271
Block: Other             |       |    10 |    12 ||    22
       Buckler           |       |       |    51 ||    51
       Reflection        |       |       |     3 ||     3

Table legend: (Time is in decaauts)
 A = Elapsed time spent in this place.
 B = Non-inter-level travel time spent in this place.
 C = Inter-level travel time spent in this place.
 D = Time resting spent in this place.
 E = Time spent auto-exploring this place.
 F = Levels seen in this place.
 G = Mean time per level.
                   A        B        C        D        E       F      G
               +--------+--------+--------+--------+--------+-----+--------+
         Total |  11768 |  11436 |    332 |   3350 |   6692 |   8 | 1471.0 |
       Dungeon |  10872 |  10564 |    308 |   3051 |   6280 |   6 | 1812.0 |
        Temple |    162 |    138 |     24 |      0 |    121 |   1 |  162.0 |
       Ossuary |    732 |    732 |      0 |    299 |    291 |   1 |  732.0 |
               +--------+--------+--------+--------+--------+-----+--------+

Top non-repeatable levels by time:
     D:4: 3764 daAuts
     D:1: 2199 daAuts
     D:5: 1633 daAuts
     D:2: 1449 daAuts
     D:3: 1265 daAuts
 Ossuary: 732 daAuts
     D:6: 559 daAuts
  Temple: 162 daAuts
